 Dungeon Crawl Stone Soup version 0.18-a0-1628-g61c6396 (webtiles) character file.

1064 HandofTrog the Shield-Bearer (level 8, 0/60 HPs)
             Began as a Demonspawn Wanderer on Mar 24, 2016.
             Slain by a sky beast (6 damage)
             ... on level 5 of the Dungeon on Mar 25, 2016.
             The game lasted 00:32:13 (6824 turns).

HandofTrog the Shield-Bearer (Demonspawn Wanderer)  Turns: 6824, Time: 00:32:23

Health: 0/60       AC:  6    Str: 14    XL:     8   Next: 6%
Magic:  11/12      EV: 10    Int: 12    God:
Gold:   336        SH:  6    Dex: 15    Spells: 0 memorised, 13 levels left

rFire  x . .     SeeInvis .     v - +3 spear (flame)
rCold  + . .     Gourm    .     b - +0 ring mail
rNeg   . . .     Faith    .     q - +1 buckler
rPois  .         Spirit   .     (helmet restricted)
rElec  .         Dismiss  .     y - +0 cloak
rCorr  .         Reflect  .     (no gloves)
SustAt .         Harm     .     (no boots)
MR     .....                    (no amulet)
Stlth  ..........               (no ring)
                                t - ring of ice

@: not resistant to hostile enchantments, extremely unstealthy
A: beak, hooves 2, horns 2
a: no special abilities


You were on level 5 of the Dungeon.
You were not hungry.

You visited 1 branch of the dungeon, and saw 5 of its levels.
You also visited: Sewer.

You collected 336 gold pieces.

Inventory:

Hand Weapons
 d - a +0 dagger
 h - a +0 dagger of electrocution
 v - a +3 spear of flaming (weapon)
 x - a +4 quarterstaff of chaos
 A - a +0 mace of draining
Missiles
 g - 11 silver bolts
Armour
 b - a +0 ring mail (worn)
 m - a +0 scale mail
 q - a +1 buckler (worn)
 y - a +0 cloak (worn)
Jewellery
 t - a ring of ice (left hand)
Wands
 e - a wand of iceblast (6/15)
Scrolls
 j - a scroll of recharging {unknown}
 k - 7 scrolls of identify {unknown}
 p - 2 scrolls of enchant weapon {unknown}
 r - 5 scrolls of fear {unknown}
 u - 2 scrolls of teleportation {unknown}
 w - a scroll of immolation {unknown}
 B - a scroll of amnesia {unknown}
 C - a scroll of remove curse
Potions
 z - a potion of agility {unknown}
Books
 a - a book of Minor Magic

   Spells                             Type                      Level
   a - Magic Dart                     Conjuration                  1
   b - Blink                          Translocation                2
   c - Call Imp                       Summoning                    2
   d - Repel Missiles                 Charms/Air                   2
   e - Slow                           Hexes                        2
   f - Conjure Flame                  Conjuration/Fire             3
   g - Mephitic Cloud                 Conjuration/Poison/Air       3
Miscellaneous
 c - a lamp of fire
Comestibles
 f - 5 bread rations
 i - a beef jerky
 l - 4 meat rations
 n - a slice of pizza
 o - 4 chunks of flesh


   Skills:
 - Level 3.7 Fighting
 - Level 1.0 Maces & Flails
 - Level 1.0 Throwing
 - Level 1.7 Armour
 - Level 5.5 Shields
 + Level 5.3 Unarmed Combat
 - Level 3.0 Spellcasting
   Level 1.0 Summonings
   Level 1.0 Transmutations


You had 13 spell levels left.
You didn't know any spells.

Dungeon Overview and Level Annotations

Branches:
Dungeon (5/15)
 Temple: D:4-7

Altars:
Elyvilon
Fedhas
Makhleb
Qazlal
Ru


Innate Abilities, Weirdness & Mutations

You have hoof-like feet.
You have a pair of horns on your head.
You have a beak for a mouth.


Message History

You barely miss something. Something hits you but does no damage.
You closely miss something. Something hits you. Something shocks you.
You miss something. You kick something. Something hits you.
Something shocks you.
You closely miss something. Something hits you. Something shocks you.
You miss something. You kick something. Your peck misses something.
Something hits you. Something shocks you.
* * * LOW HITPOINT WARNING * * *
You hit something. You burn something. Something hits you.
* * * LOW HITPOINT WARNING * * *
Something shocks you.
* * * LOW HITPOINT WARNING * * *
Drink which item? (? for menu, Esc to quit)
It was a potion of cure mutation.
It has a very clean taste.
You feel clumsy.
Your fingernails shrink to normal size.
You feel more energetic. Something hits you.
* * * LOW HITPOINT WARNING * * *
Something shocks you.
You die...

##...
...#....##....##.#...##
#.##
...####................
#..
##'##.⌠...#.......###..#
..
.....#.......#..####..
..#####.##.##.......
#...#.......#####.
+...#........) #.
#............. ##
#@###.....)...
......{#.......#########
##+.#.⌠ .......... ....
##. ...#...### #### ..
..##...# .. ..# #### #.#
### ..


There were no monsters in sight!

Vanquished Creatures
  Purgy (Sewer)
  2 sky beasts
  A centaur (D:5)
  2 scorpions (D:4)
  2 hounds
  3 orc priests (D:3)
  Crazy Yiuf (D:4)
  5 orc wizards
  A worker ant (D:5)
  3 gnolls (D:5)
  A river rat (D:4)
  7 adders
  A howler monkey skeleton (D:5)
  A shadow imp (D:5)
  An ooze (D:1)
  3 worms
  3 dart slugs
  8 giant geckos
  25 orcs
  6 giant cockroaches
  6 hobgoblins
  6 jackals (D:5)
  2 quokkas (D:4)
  9 bats
  3 giant newts
  7 goblins
  16 kobolds
  16 rats
142 creatures vanquished.

Vanquished Creatures (others)
  A quokka (D:2)
1 creature vanquished.

Grand Total: 143 creatures vanquished

Notes
Turn   | Place    | Note
--------------------------------------------------------------
     0 | D:1      | HandofTrog the Demonspawn Wanderer began the quest for the Orb.
     0 | D:1      | HandofTrog set off with: a book of Minor Magic, a +0 ring mail, a potion of lignification, a +0 dagger, a bread ration
     0 | D:1      | Reached XP level 1. HP: 13/13 MP: 4/4
    39 | D:1      | Reached skill level 1 in Fighting
   208 | D:1      | Gained mutation: You have large cloven feet. [demonic ancestry]
   208 | D:1      | Reached XP level 2. HP: 19/21 MP: 6/6
  1284 | D:1      | Reached XP level 3. HP: 25/28 MP: 7/7
  1533 | D:2      | Found a white marble altar of Elyvilon.
  1811 | D:2      | Gained mutation: You have hoof-like feet. [demonic ancestry]
  1811 | D:2      | Reached XP level 4. HP: 31/36 MP: 8/8
  3139 | D:3      | Reached XP level 5. HP: 17/42 MP: 9/9
  4135 | D:4      | Noticed a sky beast
  4144 | D:4      | Killed a sky beast
  4144 | D:4      | Gained mutation: You have a pair of small horns on your head. [demonic ancestry]
  4144 | D:4      | Reached XP level 6. HP: 18/48 MP: 10/10
  4564 | D:4      | Found a glowing drain.
  4569 | Sewer    | Entered a sewer
  4590 | Sewer    | Noticed Purgy
  4599 | Sewer    | Gained mutation: You have a beak for a mouth. [potion of mutation]
  4599 | Sewer    | Gained mutation: Your magical capacity is low (-10% MP). [potion of mutation]
  4599 | Sewer    | Gained mutation: You have sharp fingernails. [potion of mutation]
  4601 | Sewer    | Killed Purgy
  4601 | Sewer    | Reached skill level 5 in Shields
  5025 | D:4      | Reached skill level 1 in Unarmed Combat
  5025 | D:4      | Gained mutation: You have a pair of horns on your head. [demonic ancestry]
  5025 | D:4      | Reached XP level 7. HP: 41/53 MP: 10/10
  5593 | D:4      | Noticed Crazy Yiuf
  5598 | D:4      | Killed Crazy Yiuf
  5613 | D:4      | Gained mutation: You expend magic power (3 MP) to strengthen your wands. [potion of mutation]
  5613 | D:4      | Lost mutation: You expend magic power (3 MP) to strengthen your wands. [potion of mutation]
  5613 | D:4      | Gained mutation: You are agile. (Dex +2) [potion of mutation]
  5760 | D:4      | Found a stormy altar of Qazlal.
  5777 | D:5      | Entered Level 5 of the Dungeon
  6389 | D:5      | Reached skill level 5 in Unarmed Combat
  6389 | D:5      | Reached XP level 8. HP: 37/60 MP: 11/11
  6483 | D:5      | Upgraded the game from 0.18-a0-1626-g65af6d3 to 0.18-a0-1628-g61c6396
  6750 | D:5      | Found a sacrificial altar of Ru.
  6750 | D:5      | Found a blossoming altar of Fedhas.
  6750 | D:5      | Found a burning altar of Makhleb.
  6824 | D:5      | Lost mutation: You are agile. (Dex +2) [potion of cure mutation]
  6824 | D:5      | Lost mutation: You have sharp fingernails. [potion of cure mutation]
  6824 | D:5      | Lost mutation: Your magical capacity is low (-10% MP). [potion of cure mutation]
  6824 | D:5      | Slain by a sky beast

Vault maps used:
D:1:      lightli_arrival_maybe_door_vault
D:2:      elyvilon_altar_4, hangedman_decor_growths
D:3:      serial_park_tiny_pond
D:4:      lemuel_round_altar, gup_sewer_entry_spiral, first_bread,
          uniq_crazy_yiuf_cottage
D:5:      evilmike_ruin_ashenzari, gammafunk_temple_overflow_claw
Sewer:    kennysheep_door_sewer

Skill      XL: |  1  2  3  4  5  6  7 |
---------------+----------------------+-----
Fighting       | 1 2 3 |  3.7
Shields        | 2 4 5 |  5.5
Unarmed Combat | 1 5 |  5.3
Maces & Flails | |  1.0
Throwing       | |  1.0
Armour         | |  1.7
Spellcasting   | |  3.0
Summonings     | |  1.0
Transmutations | |  1.0

Action                   |  1- 3 |  4- 6 |  7- 9 || total
-------------------------+-------+-------+-------++-------
Melee: Dagger            |   117 |    64 |       ||   181
       Spear             |       |   151 |   147 ||   298
  Use: Scroll            |       |     4 |       ||     4
       Potion            |       |     4 |     4 ||     8
 Stab: Distracted        |       |     1 |       ||     1
  Eat: Chunk             |     3 |    10 |     6 ||    19
